 Dungeon Crawl Stone Soup version 0.21-a0-591-g2314aa1 (webtiles) character file.

616 rabbitfr the Shield-Bearer (level 7, -3/44 HPs)
             Began as an Octopode Fighter on Dec 22, 2017.
             Was an Initiate of Hepliaklqana.
             Slain by a centaur (4 damage)
             ... on level 5 of the Dungeon.
             The game lasted 00:35:25 (7677 turns).

rabbitfr the Shield-Bearer (Octopode Fighter)       Turns: 7677, Time: 00:35:26

Health: -3/44      AC:  1    Str: 15    XL:     7   Next: 45%
Magic:  7/7        EV: 12    Int: 13    God:    Hepliaklqana [......]
Gold:   191        SH:  9    Dex: 11    Spells: 6/6 levels left

rFire    . . .     SeeInvis .   a - +0 trident
rCold    . . .     Gourm    .   p - +0 shield
rNeg     . . .     Faith    .   (helmet restricted)
rPois    .         Spirit   .   (no amulet)
rElec    .         Reflect  .   (no ring)
rCorr    .         Harm     .   (no ring)
MR       .....                  (no ring)
Stlth    ++........             (no ring)
HPRegen  0.14/turn              (no ring)
MPRegen  0.10/turn              (no ring)
                                (no ring)
                                (no ring)

@: no status effects
A: almost no armour, stealthy swim, amphibious, 8 rings, constrict 8, reduced
essence, camouflage 1, gelatinous body 1
a: Recall Ancestor, Ancestor Identity, Renounce Religion


You were on level 5 of the Dungeon.
You worshipped Hepliaklqana.
Hepliaklqana was noncommittal.
You were hungry.

You visited 2 branches of the dungeon, and saw 6 of its levels.

You collected 191 gold pieces.

Inventory:

Hand Weapons
 a - a +0 trident (weapon)
 b - a +0 hunting sling
 g - a +0 spear
 q - a +2 spear of freezing
Missiles
 f - 78 stones (quivered)
 i - 53 poisoned needles
 k - 7 sling bullets
Armour
 p - a +0 shield (worn)
Jewellery
 n - an uncursed ring of fire
Wands
 r - a wand of digging (15)
Scrolls
 e - a scroll of identify
 m - 2 scrolls of remove curse
Potions
 c - 2 potions of might
 h - a potion of heal wounds
 j - 2 potions of degeneration {unknown}
 l - 3 potions of curing {unknown}
 o - a potion of cancellation {unknown}
 s - a potion of flight {unknown}
Comestibles
 d - 8 rations


   Skills:
 + Level 4.4 Fighting
 * Level 4.8 Polearms
 + Level 4.2 Dodging
 * Level 5.4 Shields


You had 6 spell levels left.
You didn't know any spells.

Dungeon Overview and Level Annotations

Branches:
Dungeon (5/15)             Temple (1/1) D:4

Altars:
Ashenzari
Cheibriados
Elyvilon
Hepliaklqana
Kikubaaqudgha
Makhleb
Nemelex Xobeh
Okawaru
Qazlal
Wu Jian
Xom
Yredelemnul


Innate Abilities, Weirdness & Mutations

You cannot wear most types of armour.
You are very stealthy in the water. (Stealth+)
You are amphibious.
You can wear up to eight rings at the same time.
You can use your tentacles to constrict eight enemies at once.
Your skin changes colour to match your surroundings (Stealth+).
Your rubbery body absorbs attacks. (AC +1, EV +1)
Your life essence is reduced to manifest your ancestor. (-10% HP)


Message History

Press: ? - help, Dir - move target cursor, f/p - centaur
Aim: a centaur (heavily wounded)
Your shield prevents you from hitting the centaur.
The centaur is heavily wounded.
You block the centaur's attack. The centaur barely misses you.
Attack whom?
Press: ? - help, Dir - move target cursor, f/p - centaur
Aim: a centaur (heavily wounded)
You hit the centaur.
The centaur is severely wounded.
The centaur barely misses you. You block the centaur's attack.
Attack whom?
Press: ? - help, Dir - move target cursor, f/p - centaur
Aim: a centaur (severely wounded)
You hit the centaur.
The centaur is severely wounded.
The centaur hits you!
* * * LOW HITPOINT WARNING * * *
The centaur hits you.
You die...

#. ### #..#..
##..#.#############.
#...........<.......
#.###.######.##########
#.###.### ##.#####<....
##....(..# #.......#####
#.....c(.# #.......'....
#......@.# #.......#####
#.......(###....^..#####
#.####..(((.............
#. ################### #


You could see a centaur.

Vanquished Creatures
  An ice beast (D:5)
  A centaur zombie (D:5)
  An orc priest (D:4)
  A bullfrog skeleton (D:5)
  2 centaur skeletons (D:5)
  Natasha (thrice) (D:3)
  2 worker ants
  A killer bee zombie (D:5)
  A hound skeleton (D:4)
  Robin (D:3)
  7 adders
  A gnoll (D:1)
  An adder zombie (D:5)
  An adder skeleton (D:4)
  3 worms
  4 leopard geckos
  3 orcs (D:4)
  6 giant cockroaches
  11 goblins
  13 hobgoblins
  10 jackals
  A quokka (D:2)
  A ball python (D:2)
  7 bats
  2 frilled lizards (D:2)
  6 kobolds
  A quokka skeleton (D:4)
  6 rats
98 creatures vanquished.

Vanquished Creatures (collateral kills)
  An iguana (D:4)
1 creature vanquished.

Vanquished Creatures (others)
  6 ancestors
6 creatures vanquished.

Grand Total: 105 creatures vanquished

Notes
Turn   | Place    | Note
-------+----------+-------------------------------------------
     0 | D:1      | rabbitfr the Octopode Fighter began the quest for the Orb.
     0 | D:1      | Reached XP level 1. HP: 16/16 MP: 1/1
   184 | D:1      | Reached XP level 2. HP: 20/21 MP: 2/2
   649 | D:1      | Reached XP level 3. HP: 26/26 MP: 3/3
  1205 | D:2      | Found an iron altar of Okawaru.
  1644 | D:2      | Reached XP level 4. HP: 23/31 MP: 4/4
  2915 | D:2      | Found a faded altar of an unknown god.
  3078 | D:3      | Noticed Natasha
  3078 | D:3      | Reached XP level 5. HP: 36/36 MP: 5/5
  3082 | D:3      | Killed Natasha
  3082 | D:3      | Reached skill level 4 in Shields
  3311 | D:3      | Noticed Natasha
  3373 | D:3      | Killed Natasha
  3432 | D:3      | Noticed Natasha
  3437 | D:3      | Killed Natasha
  3516 | D:3      | Noticed Robin
  3538 | D:3      | Killed Robin
  3538 | D:3      | Reached XP level 6. HP: 20/43 MP: 6/6
  4039 | D:3      | Found a sparkling altar of Nemelex Xobeh.
  5084 | D:4      | Found a staircase to the Ecumenical Temple.
  5090 | Temple   | Entered the Ecumenical Temple
  5321 | D:4      | Found a hazy altar of Hepliaklqana.
  5438 | D:5      | Entered Level 5 of the Dungeon
  6152 | D:4      | Became a worshipper of Hepliaklqana the Forgotten
  6164 | D:5      | Noticed an ice beast
  6350 | D:4      | Reached skill level 5 in Shields
  6350 | D:4      | Reached XP level 7. HP: 43/43 MP: 7/7
  7677 | D:5      | HP: 1/44 [centaur (7)]
  7677 | D:5      | Slain by a centaur

Vault maps used:
D:1:      minmay_arrival_nine_rooms, minmay_tripent
D:2:      okawaru_metal_pillars_1_2, chequers_ecumenical_altar_grove
D:3:      nemelex_xobeh_ov_fountains_minmay, uniq_robin, uniq_natasha
D:4:      nicolae_overflow_hidden_temple, minmay_temple_entry_fiery
D:5:      tgw_trog, first_ration
Temple:   nicolae_temple_figure_zero

Skill      XL: |  1  2  3  4  5  6 |
---------------+-------------------+-----
Polearms       | 3 4 |  4.8
Shields        | 4 5 |  5.4
Fighting       | 4 |  4.4
Dodging        | 4 |  4.2

Action                   |  1- 3 |  4- 6 |  7- 9 || total
-------------------------+-------+-------+-------++-------
Melee: Trident           |    71 |   167 |    37 ||   275
       Constrict         |    12 |    29 |     3 ||    44
       Tentacles         |    10 |    22 |     4 ||    36
 Fire: Hunting sling     |       |       |     2 ||     2
Throw: Stone             |       |    16 |     2 ||    18
Invok: Ancestor Identity |       |       |     1 ||     1
  Use: Scroll            |     3 |     5 |       ||     8
 Stab: Distracted        |     2 |       |       ||     2
       Sleeping          |     1 |     5 |       ||     6
  Eat: Chunk             |     2 |    14 |     1 ||    17
       Ration            |       |       |     1 ||     1
Armor: Skin              |     4 |     6 |       ||    10
Dodge: Dodged            |    19 |    53 |    17 ||    89
Block: Shield            |    22 |    68 |    12 ||   102

Table legend:
 A = Spawn XP
 B = Non-spawn XP
 C = Spawn XP percentage of total XP
 D = Spawn monster count
 E = Non-spawn monster count
 F = Spawn count percentage of total count
 G = Total turns spent on level
                    A         B        C        D         E        F      G
               +---------+---------+-------+---------+---------+-------+---------
         Total |       0 |     880 |   0.0 |       0 |      99 |   0.0 |  7677
               +---------+---------+-------+---------+---------+-------+---------
           D:1 |       0 |      49 |   0.0 |       0 |      20 |   0.0 |  1168
           D:2 |       0 |     113 |   0.0 |       0 |      27 |   0.0 |  2136
           D:3 |       0 |     212 |   0.0 |       0 |      30 |   0.0 |  1082
           D:4 |       0 |     137 |   0.0 |       0 |      13 |   0.0 |  2218
           D:5 |       0 |     369 |   0.0 |       0 |       9 |   0.0 |   955
               +---------+---------+-------+---------+---------+-------+---------
